 Dungeon Crawl Stone Soup version 0.29-a0-284-gf9362112df (webtiles) character file.

Game seed: 4937371660198199862

1639 Strat the Basher (level 8, -4/62 HPs)
             Began as a Barachi Abyssal Knight on Mar 22, 2022.
             Was an Elder of Lugonu.
             Slain by a killer bee (6 damage)
             ... on level 7 of the Dungeon.
             The game lasted 00:14:23 (6976 turns).

Strat the Basher (Barachi Abyssal Knight)           Turns: 6976, Time: 00:14:25

Health: -4/62      AC:  7    Str: 16    XL:     8   Next: 99%
Magic:  9/9        EV: 10    Int: 10    God:    Lugonu [****..]
Gold:   247        SH:  5    Dex: 14    Spells: 7/7 levels left

rFire   . . .      SeeInvis .   a - +3 flail
rCold   + . .      Faith    .   (no shield)
rNeg    . . .      Spirit   .   i - +0 ring mail
rPois   +          Reflect  +   g - +0 helmet
rElec   .          Harm     .   (no cloak)
rCorr   .          Rampage  .   (no gloves)
Will    .....                   (no boots)
Stlth   +.........              s - amulet of reflection
HPRegen 0.20/turn               j - ring of poison resistance
MPRegen 0.11/turn               o - ring of protection from cold

@: slow
A: amphibious, slowness 1, strong legs 1, +LOS
a: Hop, Renounce Religion, Depart the Abyss, Bend Space, Banish, Corrupt


You were on level 7 of the Dungeon.
You worshipped Lugonu.
Lugonu was greatly pleased with you.
You visited 1 branch of the dungeon, and saw 7 of its levels.
You visited the Abyss 1 time.

You collected 247 gold pieces.

Inventory:

Hand Weapons
 a - a +3 flail (weapon)
 b - a +0 hunting sling
Missiles
 c - 11 poisoned darts
Armour
 g - a +0 helmet (worn)
 i - a +0 ring mail (worn)
Jewellery
 h - an amulet of faith
 j - a ring of poison resistance (left hand)
 l - a ring of magical power
 o - a ring of protection from cold (right hand)
 s - an amulet of reflection (around neck)
Wands
 f - a wand of iceblast (4)
 m - a wand of flame (9)
Scrolls
 e - a scroll of teleportation
 t - 2 scrolls of identify
Potions
 k - 2 potions of resistance {unknown}
 p - a potion of lignification
 q - a potion of cancellation {unknown}
 r - a potion of haste {unknown}
 u - a potion of mutation {unknown}
 w - a potion of brilliance


   Skills:
 - Level 5.0 Fighting
 + Level 11.1 Maces & Flails
 - Level 5.0 Armour
 - Level 1.1 Dodging
 - Level 1.5 Invocations


You had 7 spell levels left.
You didn't know any spells.
Your spell library contained the following spells:

 Spells                   Type           Power      Damage    Failure   Level
 Sandblast                Erth           0%         2d4       56%         1
 Passwall                 Tmut/Erth      0%         N/A       71%         2
 Stone Arrow              Conj/Erth      0%         3d7       90%         3
 Borgnjor's Vile Clutch   Necr/Erth      0%         N/A       100%        5
 Lee's Rapid Deconstruct  Erth           0%         3d5*      100%        5


Dungeon Overview and Level Annotations

Branches:
Dungeon (8/15)
 Temple: D:4-7         Lair: D:8-11

Altars:
Elyvilon
Gozag

Shops:
D:2 :

Annotations:
D:5 3 runed translucent doors, Eustachio; pickled's ghost, novice KoCK


Innate Abilities, Weirdness & Mutations

You are amphibious.
You cover ground slowly.
You can hop short distances.
You have an extended range of vision and can be seen from far away.


Message History

The killer bee stings you.
* * * LOW HITPOINT WARNING * * *
The killer bee stings you but does no damage.
You miss the killer bee.
The killer bee is heavily wounded.
You feel sick. The killer bee barely misses you.
You closely miss the killer bee.
The killer bee is heavily wounded.
You feel sick. The killer bee barely misses you. x2
You thump the killer bee!
You kill the killer bee!
Lugonu accepts your kill.
You feel sick.
You hit the killer bee.
The killer bee is lightly wounded.
You feel sick.
You are no longer poisoned.
The killer bee stings you.
* * * LOW HITPOINT WARNING * * *
The killer bee barely misses you.
You sock the killer bee!
The killer bee is heavily wounded.
You block the killer bee's attack. The killer bee stings you.
* * * LOW HITPOINT WARNING * * *
You miss the killer bee.
The killer bee is heavily wounded.
The killer bee stings you!
* * * LOW HITPOINT WARNING * * *
The killer bee barely misses you.
You miss the killer bee.
The killer bee is heavily wounded.
The killer bee barely misses you.
You barely miss the killer bee.
The killer bee is heavily wounded.
You block the killer bee's attack.
The killer bee stings you but does no damage.
You closely miss the killer bee.
The killer bee is heavily wounded.
The killer bee completely misses you. The killer bee stings you.
You die...

##.#####
+...y.>#
#....#y#
.....#
#@# ....
#<# ..
#.# .
#.# ..#
###


You could see a killer bee.

Vanquished Creatures
  A slime creature (D:8)
  A water moccasin (D:7)
  A centaur (D:8)
  A kobold brigand (D:8)
  3 bullfrogs
  Blork the orc (D:5)
  3 wights (D:4)
  6 killer bees
  2 howler monkeys
  2 jellies
  2 hounds (D:4)
  An iguana (D:5)
  4 orc wizards
  3 gnolls (D:4)
  3 adders
  5 worms
  A dart slug (D:4)
  27 orcs
  5 bats (D:1)
  7 endoplasms
  6 giant cockroaches
  13 goblins
  6 hobgoblins
  10 quokkas
  7 ball pythons
  2 frilled lizards (D:1)
  8 kobolds
  6 rats
137 creatures vanquished.

Vanquished Creatures (others)
  An orc wizard (D:8)
1 creature vanquished.

Grand Total: 138 creatures vanquished

Notes
Turn   | Place    | Note
-------+----------+-------------------------------------------
     0 | Abyss:1  | Strat the Barachi Abyssal Knight began the quest for the
                  | Orb.
     0 | Abyss:1  | Reached XP level 1. HP: 18/18 MP: 2/2
    60 | D:1      | Escaped the Abyss
   557 | D:1      | Reached XP level 2. HP: 24/24 MP: 3/3
   639 | D:1      | Reached skill level 3 in Maces & Flails
   814 | D:1      | HP: 1/24 [hobgoblin (3)]
   816 | D:1      | Reached ** piety under Lugonu
   823 | D:1      | HP: 1/24 [bat (1)]
  1222 | D:1      | Reached XP level 3. HP: 27/29 MP: 4/4
  1538 | D:1      | Reached skill level 4 in Maces & Flails
  1921 | D:2      | Found Xate's Book Emporium.
  2347 | D:2      | Reached XP level 4. HP: 36/36 MP: 5/5
  2831 | D:3      | Got Yssoines's Incunabulum of the Mountains
  2871 | D:3      | Reached skill level 5 in Maces & Flails
  3103 | D:3      | Reached XP level 5. HP: 39/41 MP: 6/6
  3224 | D:3      | Found a faded altar of an unknown god.
  3682 | D:4      | Reached *** piety under Lugonu
  4322 | D:4      | Reached XP level 6. HP: 47/47 MP: 7/7
  4352 | D:4      | Reached skill level 6 in Maces & Flails
  4366 | D:4      | Identified the +2 leather armour of the Immovable Stories
                  | {Drain Fly rN++ Int+3}
  4598 | D:4      | Reached skill level 5 in Armour
  4628 | D:4      | Reached XP level 7. HP: 35/52 MP: 8/8
  4772 | D:4      | Reached skill level 7 in Maces & Flails
  5237 | D:5      | Entered Level 5 of the Dungeon
  5299 | D:5      | Noticed Eustachio
  5458 | D:5      | Noticed Blork the orc
  5467 | D:5      | Found a runed translucent gate.
  5468 | D:5      | Found a runed translucent gate.
  5469 | D:5      | Found a runed translucent gate.
  5471 | D:5      | Found an opulent altar of Gozag.
  5472 | D:5      | Noticed a steam dragon
  5472 | D:5      | Noticed pickled's ghost (novice KoCK)
  5483 | D:5      | Killed Blork the orc
  5484 | D:5      | Reached skill level 8 in Maces & Flails
  5490 | D:5      | You fall into a shaft and drop 3 floors!
  5606 | D:8      | Reached XP level 8. HP: 28/61 MP: 9/9
  5610 | D:8      | Reached skill level 5 in Fighting
  5877 | D:8      | Reached **** piety under Lugonu
  6078 | D:8      | Found a flagged portal.
  6148 | D:8      | Noticed a slime creature
  6159 | D:8      | Reached skill level 9 in Maces & Flails
  6166 | D:8      | Killed a slime creature
  6550 | D:7      | Reached skill level 10 in Maces & Flails
  6652 | D:7      | Found a white marble altar of Elyvilon.
  6963 | D:7      | Reached skill level 11 in Maces & Flails
  6973 | D:7      | HP: 1/62 [killer bee (7)]
  6976 | D:7      | Slain by a killer bee

Illustrated notes

Levels and vault maps discovered:
D:1:      dpeg_arrival_subterranean_lakeside_camping, layout_basic,
          chequers_serial_rivers_marsh
D:2:      layout_loops_ring, serial_shops, nicolae_shop_statue_plus,
          minmay_indecisive_spiral
D:3:      layout_rooms, shapermc_ecumenical_altar_mp_urbaneastern
D:4:      minmay_opposing_rooms, layout_loops_ring, hangedman_decor_peaks_small
D:5:      layout_basic, fedhas_altar_2, grunt_temple_overflow_open,
          minmay_temple_entry_junction, nicolae_ossuary_entry_false_entrances,
          ebering_ghost_gozag, uniq_eustachio, uniq_blork_the_orc
D:7:      layout_basic, mainiacjoe_overflow_concentric_impassable,
          chequers_serial_rivers_large_b
D:8:      layout_rooms, enter_bailey_3, eino_small_chamber_without_monster

Skill      XL: |  1  2  3  4  5  6  7  8 |
---------------+-------------------------+-----
Maces & Flails | 3 4 5 6 8 11 | 11.1
Armour         | 3 4 5 |  5.0
Fighting       | 4 5 |  5.0
Dodging        | |  1.1
Invocations    | |  1.5

Action                   |  1- 3 |  4- 6 |  7- 9 || total
-------------------------+-------+-------+-------++-------
Melee: Mace              |    91 |    29 |       ||   120
       Punch             |     1 |       |     1 ||     2
       Flail             |       |   120 |   187 ||   307
 Fire: Hunting sling     |    69 |    71 |    18 ||   158
Invok: Depart the Abyss  |     1 |       |       ||     1
 Abil: Hop               |     1 |     2 |     2 ||     5
Evoke: Wand              |       |       |     2 ||     2
  Use: Scroll            |       |    11 |     3 ||    14
       Potion            |       |     1 |     3 ||     4
 Stab: Sleeping          |     2 |       |       ||     2
       Paralysed         |       |       |     4 ||     4
Armor: Leather armour    |    43 |       |       ||    43
       Ring mail         |    30 |    60 |    71 ||   161
       Chain mail        |       |     3 |       ||     3
Dodge: Dodged            |   102 |   119 |    93 ||   314
Block: Other             |       |       |    50 ||    50
       Reflection        |       |       |     2 ||     2

Table legend: (Time is in decaauts)
 A = Elapsed time spent in this place.
 B = Non-inter-level travel time spent in this place.
 C = Inter-level travel time spent in this place.
 D = Time resting spent in this place.
 E = Time spent auto-exploring this place.
 F = Levels seen in this place.
 G = Mean time per level.
                   A        B        C        D        E       F      G
               +--------+--------+--------+--------+--------+-----+--------+
         Total |   7700 |   7242 |    458 |   2284 |   2935 |   8 |  962.5 |
       Dungeon |   7628 |   7170 |    458 |   2284 |   2875 |   7 | 1089.7 |
         Abyss |     72 |     72 |      0 |      0 |     60 |   1 |   72.0 |
               +--------+--------+--------+--------+--------+-----+--------+

Top non-repeatable levels by time:
     D:1: 1903 daAuts
     D:4: 1896 daAuts
     D:8: 1312 daAuts
     D:2: 1081 daAuts
     D:3: 1016 daAuts
     D:7: 263 daAuts
     D:5: 154 daAuts
 Abyss:1: 72 daAuts
